 Seeded DCSS version 0.32-a0-17-gb74e046682 (webtiles) character file.

Game seed: 4251154260039535669 (custom seed)

3521 hikkokomori the Slicer (level 10, -1/77 HPs)
             Began as a Gnoll Wanderer on Jan 15, 2024.
             Was an Elder of Okawaru.
             Constricted to death by Erica (3 damage)
             ... on level 9 of the Dungeon.
             The game lasted 00:13:29 (6955 turns).

hikkokomori the Slicer (Gnoll Wanderer)             Turns: 6955, Time: 00:13:29

Health: -1/77      AC: 13    Str: 12    XL:     10   Next: 8%
Magic:  17/17      EV: 16    Int:  8    God:    Okawaru [****..]
Gold:   660        SH:  0    Dex: 19    Spells: 11/19 levels left

rFire   + . .        s - +4 short sword of Irritation {spect, rF+ SInv}
rCold   . . .        (no shield)
rNeg    . . .        K - +2 acid dragon scales
rPois   .            I - +1 hat
rElec   .            C - +0 cloak
rCorr   +            g - +0 pair of gloves
SInv    +            (no boots)
Will    .....        l - amulet of faith
Stlth   +++          G - +5 ring of evasion
HPRegen 0.32/turn    j - ring of flight
MPRegen 0.15/turn

%: faith
@: flying, constricted, studying 2 skills
A: fangs 1, strong nose, distributed training
a: Renounce Religion, Heroism, Finesse


You were on level 9 of the Dungeon.
You worshipped Okawaru.
Okawaru was greatly pleased with you.
You visited 2 branches of the dungeon, and saw 10 of its levels.
You also visited: Bailey.

You collected 1500 gold pieces.
You spent 840 gold pieces at shops.

Inventory:

Hand Weapons
 a - a +2 short sword
 d - a +0 dagger
 s - the +4 short sword of Irritation (weapon) {spect, rF+ SInv}
   (You found it on level 2 of the Dungeon)

   rF+:       It protects you from fire.
   SInv:      It lets you see invisible.
 J - a +3 glaive of freezing
Missiles
 c - 6 boomerangs (quivered)
 H - a throwing net
Armour
 f - a +0 leather armour
 g - a +0 pair of gloves (worn)
 u - the +0 pair of fencer's gloves {Riposte Dex+3}
   (You bought it in a shop on level 4 of the Dungeon)

   Riposte:   It allows the wearer to riposte with melee weapons, swiftly
   retaliating against missed or blocked melee attacks.
   Dex+3:     It affects your dexterity (+3).
 C - a +0 cloak (worn)
 I - a +1 hat (worn)
 K - +2 acid dragon scales (worn)
Jewellery
 j - a ring of flight (right hand)
 l - an amulet of faith (around neck)
 o - a ring of fire
 q - a ring of positive energy
 y - a ring of poison resistance
 E - a ring of ice
 G - a +5 ring of evasion (left hand)
Wands
 z - a wand of acid (11)
Scrolls
 e - 3 scrolls of fog
 h - a scroll of fear
 v - a scroll of summoning
 w - a scroll of amnesia
 A - a scroll of revelation
 B - a scroll of silence
 D - a scroll of enchant armour {unknown}
 F - a scroll of teleportation
Potions
 b - a potion of attraction
 i - 2 potions of might
 k - a potion of degeneration
 m - 3 potions of enlightenment
 n - a potion of heal wounds
 p - 2 potions of lignification
 r - a potion of cancellation
 t - 5 potions of curing
 x - a potion of resistance {unknown}


   Skills:
 + Level 6.9 Fighting
 + Level 8.4 Short Blades
 + Level 5.1 Long Blades
 + Level 5.1 Axes
 + Level 5.1 Maces & Flails
 + Level 6.5 Polearms
 + Level 5.1 Staves
 + Level 5.1 Ranged Weapons
 + Level 5.8 Throwing
 + Level 6.9 Armour
 + Level 5.1 Dodging
 + Level 5.7 Stealth
 + Level 5.1 Shields
 + Level 5.8 Unarmed Combat
 + Level 5.1 Spellcasting
 + Level 4.2 Conjurations
 + Level 4.2 Hexes
 + Level 4.2 Summonings
 + Level 4.2 Necromancy
 + Level 4.2 Translocations
 + Level 4.2 Fire Magic
 + Level 4.2 Ice Magic
 + Level 4.2 Air Magic
 + Level 4.2 Earth Magic
 + Level 4.2 Alchemy
 + Level 5.6 Invocations
 + Level 5.1 Evocations
 + Level 4.6 Shapeshifting


You had 11 spell levels left.
You knew the following spells:

 Your Spells              Type           Power      Damage    Failure   Level
a - Ensorcelled Hibernat  Hex/Ice        16%        N/A       10%         2
b - Passwall              Erth           8%         N/A       19%         3
c - Swiftness             Air            8%         N/A       19%         3

Your spell library contained the following spells:

 Spells                   Type           Power      Damage    Failure   Level


Dungeon Overview and Level Annotations

Branches:
Dungeon (9/15)             Temple (1/1) D:5          Bailey (visited)
   Lair: D:8-11         Orc: D:9-12

Altars:
Ashenzari
Cheibriados
Elyvilon
Fedhas
Gozag
Kikubaaqudgha
Makhleb
Nemelex Xobeh
Okawaru
Qazlal
Ru
Sif Muna
Trog
Uskayaw
Vehumet
Wu Jian
Xom
Yredelemnul
Zin
The Shining One

Shops:
D:3 !   D:4 ::[=*   D:8 *[?

Annotations:
D:7 1 runed translucent door, Dittersdorf's ghost, novice GrFi
D:9 Erica


Innate Abilities, Weirdness & Mutations

You have very sharp teeth.
Your uncanny sense of smell can sniff out nearby items.
Your experience applies equally to all skills.


Message History

Your +4 short sword of Irritation {spect, rF+ SInv} hits Erica!
Unknown command.
Cast which spell? (? or * to list)
Aiming: Ensorcelled Hibernation (safe; 10% risk of failure)
Press: ? - help, Shift-Dir - straight line, f/p - Erica
Aim: Erica, wielding a +1 scimitar of flaming and wearing a +5 ring of evasion (severely wounded, constricting you, slightly transparent, chance to affect: 13%)
Okay, then.
Unknown command.
Aiming: Corrosive Bolt
Press: ? - help, Shift-Dir - straight line, f/p - Erica
Aim: Erica, wielding a +1 scimitar of flaming and wearing a +5 ring of evasion (severely wounded, constricting you, slightly transparent, 45% to hit)
The bolt of acid hits Erica!
Erica is almost dead.
Your +4 short sword of Irritation {spect, rF+ SInv} disappears.
Erica hits you with a +1 scimitar of flaming.
* * * LOW HITPOINT WARNING * * *
Erica burns you.
* * * LOW HITPOINT WARNING * * *
Erica constricts you.
* * * LOW HITPOINT WARNING * * *
Unknown command.
Unknown command.
You miss Erica.
Erica is almost dead.
Your +4 short sword of Irritation {spect, rF+ SInv} barely misses Erica.
Erica casts a spell at you. You resist with significant effort.
Erica constricts you.
Unknown command.
You hit Erica.
Erica is almost dead.
Your +4 short sword of Irritation {spect, rF+ SInv} misses Erica.
Unknown command.
You miss Erica.
Erica is almost dead.
Your +4 short sword of Irritation {spect, rF+ SInv} barely misses Erica.
Erica hits you with a +1 scimitar of flaming!
* * * LOW HITPOINT WARNING * * *
Erica constricts you.
You die...
Erica begins burbling mirthfully and uncontrollably.

#.......#
#.......#
#.......
#......
#######....#
.......(...#
.......x...#
.......@...#
...........+
.......<...#
...........#
...........#
..########.#
. .# .#


You could see Erica (invisible) and a friendly +4 short sword of Irritation
{spect, rF+ SInv}.

Vanquished Creatures
  2 kobold demonologists (Bailey)
  An ice beast (D:7)
  11 orc warriors
  2 sky beasts
  3 ogres
  A centaur (D:5)
  A gnoll sergeant (D:8)
  3 killer bees (D:6)
  4 electric eels (Bailey)
  5 bombardier beetles
  3 hounds
  2 jellies
  A gnoll bouda (D:6)
  Crazy Yiuf (D:5)
  8 orc wizards
  2 iguanas
  9 adders
  13 gnolls
  4 white imps
  2 ufetubi (D:6)
  7 ribbon worms
  2 dart slugs (D:1)
  24 orcs
  8 ball pythons
  8 bats
  5 endoplasms
  3 giant cockroaches
  12 goblins
  11 hobgoblins
  2 jackals (D:1)
  7 quokkas
  4 frilled lizards
  7 kobolds
  6 rats
  A butterfly (D:7)
185 creatures vanquished.

Vanquished Creatures (others)
  An orc wizard (D:7)
1 creature vanquished.

Grand Total: 186 creatures vanquished

Notes
Turn   | Place    | Note
-------+----------+-------------------------------------------
     0 | D:1      | hikkokomori the Gnoll Wanderer began the quest for the Orb.
     0 | D:1      | hikkokomori set off with the following items: a +2 short
                  | sword, a potion of attraction, 9 boomerangs, a +0 dagger, a
                  | scroll of fog, a +0 leather armour.
     0 | D:1      | Reached XP level 1. HP: 20/20 MP: 1/1
    67 | D:1      | Reached XP level 2. HP: 13/26 MP: 2/2
   340 | D:1      | Reached XP level 3. HP: 28/31 MP: 3/3
   424 | D:1      | Reached skill level 1 in Invocations
   749 | D:2      | Reached skill level 1 in Long Blades
   749 | D:2      | Reached skill level 1 in Axes
   749 | D:2      | Reached skill level 1 in Maces & Flails
   749 | D:2      | Reached skill level 1 in Polearms
   749 | D:2      | Reached skill level 1 in Staves
   749 | D:2      | Reached skill level 1 in Ranged Weapons
   749 | D:2      | Reached skill level 1 in Dodging
   749 | D:2      | Reached skill level 1 in Shields
   749 | D:2      | Reached skill level 1 in Spellcasting
   749 | D:2      | Reached skill level 1 in Evocations
   850 | D:2      | Reached skill level 1 in Shapeshifting
   850 | D:2      | Reached XP level 4. HP: 38/38 MP: 5/5
   866 | D:2      | Identified the +4 short sword of Irritation {spect, rF+
                  | SInv}
  1096 | D:2      | Reached skill level 1 in Conjurations
  1096 | D:2      | Reached skill level 1 in Hexes
  1096 | D:2      | Reached skill level 1 in Summonings
  1096 | D:2      | Reached skill level 1 in Necromancy
  1096 | D:2      | Reached skill level 1 in Translocations
  1096 | D:2      | Reached skill level 1 in Fire Magic
  1096 | D:2      | Reached skill level 1 in Ice Magic
  1096 | D:2      | Reached skill level 1 in Air Magic
  1096 | D:2      | Reached skill level 1 in Earth Magic
  1096 | D:2      | Reached skill level 1 in Alchemy
  1104 | D:2      | Reached XP level 5. HP: 9/43 MP: 5/7
  1276 | D:2      | Found a sacrificial altar of Ru.
  1552 | D:3      | Found Wunle's Distillery.
  1958 | D:4      | Found Emauneeph's Jewellery Shoppe.
  2000 | D:4      | Reached XP level 6. HP: 50/50 MP: 8/8
  2027 | D:4      | Reached skill level 5 in Fighting
  2027 | D:4      | Reached skill level 5 in Armour
  2094 | D:4      | Found Balocul's Book Shop.
  2210 | D:4      | Noticed a walking earthen tome
  2211 | D:4      | Found Iffuxuil's Book Emporium.
  2211 | D:4      | Noticed a walking earthen tome
  2263 | D:4      | Found Yqedeug's Assorted Antiques.
  2344 | D:4      | Found Irpheytech's Antique Armour Emporium.
  2447 | D:4      | Reached XP level 7. HP: 52/56 MP: 10/10
  2474 | D:4      | Reached skill level 7 in Short Blades
  2857 | D:5      | Entered Level 5 of the Dungeon
  2896 | D:5      | Found a hide-covered altar of Uskayaw.
  3051 | D:5      | Found a sacrificial altar of Ru.
  3051 | D:5      | Found a blossoming altar of Fedhas.
  3133 | D:5      | Found a staircase to the Ecumenical Temple.
  3171 | D:5      | Found a runed translucent door.
  3172 | D:5      | Noticed Crazy Yiuf
  3218 | Temple   | Entered the Ecumenical Temple
  3235 | Temple   | Became a worshipper of Warmaster Okawaru
  3348 | D:5      | Found a sparkling altar of Nemelex Xobeh.
  3445 | D:5      | Reached XP level 8. HP: 63/63 MP: 12/12
  3592 | D:5      | Killed Crazy Yiuf
  3772 | D:6      | Found a white marble altar of Elyvilon.
  3776 | D:6      | Found a glowing silver altar of Zin.
  3915 | D:6      | HP: 3/63 [ufetubus (3)]
  3925 | D:6      | Reached * piety under Okawaru
  4739 | D:7      | Found a shimmering altar of Xom.
  4804 | D:7      | Found a runed translucent door.
  4804 | D:7      | Noticed Dittersdorf's ghost (novice GrFi)
  4869 | D:7      | Reached ** piety under Okawaru
  5281 | D:8      | Found Ybruopteeb's Antique Armour Shoppe.
  5312 | D:8      | Reached XP level 9. HP: 14/69 MP: 12/14
  5341 | D:8      | Learned a level 2 spell: Ensorcelled Hibernation
  5345 | D:8      | Learned a level 3 spell: Passwall
  5349 | D:8      | Learned a level 3 spell: Swiftness
  5566 | D:8      | Found Zaqipp's General Store.
  5667 | D:8      | Found Ylann's Magic Scroll Boutique.
  5719 | D:8      | Found a flagged portal.
  5729 | Bailey   | Entered a bailey
  5750 | Bailey   | Reached skill level 5 in Polearms
  5877 | Bailey   | Reached skill level 5 in Throwing
  5877 | Bailey   | Reached skill level 5 in Unarmed Combat
  5997 | Bailey   | Noticed a kobold demonologist
  6008 | Bailey   | Killed a kobold demonologist
  6009 | Bailey   | Reached skill level 5 in Stealth
  6028 | Bailey   | Reached skill level 8 in Short Blades
  6040 | Bailey   | Reached *** piety under Okawaru
  6044 | Bailey   | Reached skill level 5 in Invocations
  6581 | Bailey   | Reached **** piety under Okawaru
  6625 | Bailey   | Found an iron altar of Okawaru.
  6625 | Bailey   | Noticed a kobold demonologist
  6634 | Bailey   | Reached skill level 5 in Long Blades
  6634 | Bailey   | Reached skill level 5 in Axes
  6634 | Bailey   | Reached skill level 5 in Maces & Flails
  6634 | Bailey   | Reached skill level 5 in Staves
  6634 | Bailey   | Reached skill level 5 in Ranged Weapons
  6634 | Bailey   | Reached skill level 5 in Dodging
  6634 | Bailey   | Reached skill level 5 in Shields
  6634 | Bailey   | Reached skill level 5 in Spellcasting
  6634 | Bailey   | Reached skill level 5 in Evocations
  6634 | Bailey   | Reached XP level 10. HP: 77/77 MP: 17/17
  6635 | Bailey   | Killed a kobold demonologist
  6716 | Bailey   | Acquired 959 gold pieces
  6828 | D:4      | Bought the +0 pair of fencer's gloves {Riposte Dex+3} for
                  | 840 gold pieces
  6828 | D:4      | Found the +0 pair of fencer's gloves {Riposte Dex+3}
  6937 | D:9      | Noticed Erica
  6955 | D:9      | HP: 2/77 [Erica/+1 scimitar of flaming (14)]
  6955 | D:9      | Constricted to death by Erica

Illustrated notes

Levels and vault maps discovered:
D:1:      lordsloth_arrival_two_stooges, layout_rooms, minmay_heptomino_w4
D:2:      layout_rooms, basic_altar, grunt_decor_resistance
D:3:      layout_rooms, serial_shops, nicolae_shop_window_shopping,
          nicolae_wormholes
D:4:      layout_basic, serial_shops, nicolae_shop_mannequins,
          nicolae_shop_hallway_stairs, nicolae_shop_tiny_real_fake_doors,
          nicolae_shop_pleasant_corner_grove, nicolae_shop_tiny_real_fake_doors
D:5:      layout_rooms, kennysheep_little_box, grunt_temple_overflow_open,
          minmay_temple_entry_mist, corexii_leaking_fountain,
          uniq_crazy_yiuf_cottage
D:6:      layout_basic, mainiacjoe_overflow_tiny_flanked,
          overflow_temple_1_default, minmay_manual_moon
D:7:      layout_loops_ring, xom_butterflies, gammafunk_ghost_grave
D:8:      layout_loops_ring, serial_shops, shop, shop, shop, enter_bailey_8
D:9:      layout_irregular_city, kennysheep_mini,
          mainiacjoe_overflow_concentric_impassable,
          minmay_orc_entry_temple_small, uniq_erica, uniq_joseph
Temple:   nicolae_temple_figure_eight

Skill      XL: |  1  2  3  4  5  6  7  8  9 |
---------------+----------------------------+-----
Invocations    | 1 2 3 4 5 |  5.6
Long Blades    | 1 2 3 5 |  5.1
Axes           | 1 2 3 5 |  5.1
Maces & Flails | 1 2 3 5 |  5.1
Polearms       | 1 2 3 4 6 |  6.5
Staves         | 1 2 3 5 |  5.1
Ranged Weapons | 1 2 3 5 |  5.1
Dodging        | 1 2 3 5 |  5.1
Shields        | 1 2 3 5 |  5.1
Spellcasting   | 1 2 3 5 |  5.1
Evocations     | 1 2 3 5 |  5.1
Shapeshifting  | 1 2 3 4 |  4.6
Conjurations   | 1 2 3 4 |  4.2
Hexes          | 1 2 3 4 |  4.2
Summonings     | 1 2 3 4 |  4.2
Necromancy     | 1 2 3 4 |  4.2
Translocations | 1 2 3 4 |  4.2
Fire Magic     | 1 2 3 4 |  4.2
Ice Magic      | 1 2 3 4 |  4.2
Air Magic      | 1 2 3 4 |  4.2
Earth Magic    | 1 2 3 4 |  4.2
Alchemy        | 1 2 3 4 |  4.2
Throwing       | 3 4 5 |  5.8
Unarmed Combat | 3 4 5 |  5.8
Stealth        | 3 4 5 |  5.7
Fighting       | 5 6 |  6.9
Armour         | 5 6 |  6.9
Short Blades   | 7 8 |  8.4

Action                     |  1- 3 |  4- 6 |  7- 9 | 10-12 || total
---------------------------+-------+-------+-------+-------++-------
  Melee: Short sword       |    37 |    84 |   361 |    10 ||   492
         Bite              |     3 |    12 |    54 |     1 ||    70
         Punch             |     2 |     2 |    14 |       ||    18
         Glaive            |       |       |       |     6 ||     6
  Throw: Boomerang         |    92 |     5 |       |       ||    97
 Invoke: Heroism           |       |       |     1 |       ||     1
  Evoke: Wand              |       |       |     2 |     1 ||     3
    Use: Scroll            |       |       |    14 |     1 ||    15
         Potion            |       |       |     2 |       ||     2
   Stab: Sleeping          |       |     3 |    14 |       ||    17
         Distracted        |       |     3 |     7 |       ||    10
         Confused          |       |       |     1 |       ||     1
 Armour: Leather armour    |    41 |    33 |   128 |       ||   202
         Acid dragon scale |       |       |       |     7 ||     7
  Dodge: Dodged            |    42 |    44 |   148 |     2 ||   236

Table legend: (Time is in decaauts)
 A = Elapsed time spent in this place.
 B = Non-inter-level travel time spent in this place.
 C = Inter-level travel time spent in this place.
 D = Time resting spent in this place.
 E = Time spent auto-exploring this place.
 F = Levels seen in this place.
 G = Mean time per level.
                   A        B        C        D        E       F      G
               +--------+--------+--------+--------+--------+-----+--------+
         Total |   6791 |   6372 |    419 |    323 |   4645 |  11 |  617.4 |
       Dungeon |   5784 |   5378 |    406 |     95 |   4190 |   9 |  642.7 |
        Temple |     29 |     17 |     12 |      0 |      0 |   1 |   29.0 |
        Bailey |    977 |    977 |      0 |    228 |    455 |   1 |  977.0 |
               +--------+--------+--------+--------+--------+-----+--------+

Top non-repeatable levels by time:
  Bailey: 977 daAuts
     D:4: 976 daAuts
     D:5: 872 daAuts
     D:7: 795 daAuts
     D:1: 742 daAuts
     D:2: 695 daAuts
     D:6: 688 daAuts
     D:3: 509 daAuts
     D:8: 488 daAuts
  Temple: 29 daAuts
     D:9: 16 daAuts
